[Event "Carnaval"]
[Site "Quebec CAN"]
[Date "2017.02.18"]
[Round "3"]
[White "Berube, Antoine"]
[Black "Sambuev, Bator"]
[Result "0-1"]
[ECO "D30"]
[WhiteElo "2239"]
[BlackElo "2584"]
[WhiteFideId "-1"]
[WhiteFideId "-1"]
[PlyCount "104"]
[GameId "2160767739706425"]
[EventDate "2017.02.17"]
[EventType "swiss"]
[EventRounds "5"]
[EventCountry "CAN"]
[TimeControl "900+2"]

1. d4 d5 2. c4 e6 3. Nf3 c6 4. Qc2 dxc4 5. Qxc4 Nf6 6. g3 b5 7. Qb3 Bb7 8. Bg2 a6 9. a4 Nbd7 10. O-O c5 11. axb5 Bd5 12. Qd1 axb5 13. Rxa8 Qxa8 14. dxc5 Bxc5 15. Nc3 Bc6 16. Nh4 b4 17. Nb5 O-O 18. Bxc6 Qxc6 19. Nd4 Qa6 20. Nb3 Be7 21. Be3 Rd8 22. Qc2 Rc8 23. Qd2 Nd5 24. Ra1 Qd6 25. Ng2 Ne5 26. Rc1 Rxc1+ 27. Qxc1 Qa6 28. Qc2 Qc4 29. Nd4 Nxe3 30. fxe3 Qxc2 31. Nxc2 Nc4 32. b3 Na3 33. Nge1 Kf8 34. Kf2 Ke8 35. e4 Bc5+ 36. e3 Bd6 37. Ke2 Ke7 38. Kd2 Nb1+ 39. Kd3 h5 40. Nf3 f6 41. h3 Bxg3 42. Nxb4 g5 43. e5 g4 44. hxg4 hxg4 45. Ng1 Bxe5 46. Ne2 Na3 47. e4 Bd6 48. Na2 Bc5 49. Nac3 Kd6 50. Nf4 Bg1 51. Ke2 Bd4 52. Na2 Ke5 0-1

[Event "Levis op"]
[Site "Levis CAN"]
[Date "2017.11.03"]
[Round "1"]
[White "Caire, Francois"]
[Black "Potvin, Alain-Nicolas"]
[Result "1-0"]
[ECO "E62"]
[WhiteElo "2212"]
[BlackElo "1790"]
[WhiteFideId "-1"]
[WhiteFideId "-1"]
[PlyCount "47"]
[GameId "2160767738923090"]
[EventDate "2017.11.03"]
[EventType "swiss"]
[EventRounds "5"]
[EventCountry "CAN"]
[TimeControl "600+2"]

1. Nf3 Nf6 2. c4 g6 3. g3 Bg7 4. Bg2 d6 5. d4 c6 6. Nc3 O-O 7. O-O Qa5 8. e4 Qh5 9. e5 dxe5 10. Nxe5 Qxd1 11. Rxd1 Be6 12. h3 h5 13. Bg5 Na6 14. Rd2 Rfe8 15. Kh2 Rad8 16. Rad1 Nd7 17. Nf3 Nb6 18. b3 c5 19. Nb5 cxd4 20. Nfxd4 Bxd4 21. Nxd4 Bc8 22. Nb5 Rxd2 23. Rxd2 Nc5 24. Nc7 1-0

[Event "Levis op"]
[Site "Levis CAN"]
[Date "2017.11.03"]
[Round "1"]
[White "Tremblay-Alix, Eric"]
[Black "Hirschberg, Valerian"]
[Result "0-1"]
[ECO "A34"]
[WhiteElo "2321"]
[BlackElo "1851"]
[WhiteFideId "-1"]
[WhiteFideId "-1"]
[PlyCount "50"]
[GameId "2160767738923091"]
[EventDate "2017.11.03"]
[EventType "swiss"]
[EventRounds "5"]
[EventCountry "CAN"]
[TimeControl "600+2"]

1. Nf3 c5 2. c4 Nf6 3. Nc3 d5 4. cxd5 Nxd5 5. e4 Nb4 6. d4 cxd4 7. Nb5 d3 8. Na3 N8c6 9. Bf4 Bg4 10. Qa4 Bxf3 11. gxf3 a6 12. Rc1 e5 13. Be3 Be7 14. Rc3 Qd7 15. Qd1 Rd8 16. Bd2 O-O 17. Rg1 Nd4 18. Bh6 Bf6 19. Rg3 Ndc2+ 20. Kd2 Qe6 21. Bh3 Qe7 22. Qg1 g6 23. Bxf8 Qxf8 24. Bf1 Qh6+ 25. Kd1 Nxa2 0-1

[Event "Levis op"]
[Site "Levis CAN"]
[Date "2017.11.04"]
[Round "2"]
[White "Lessard, Claude"]
[Black "Caire, Francois"]
[Result "1-0"]
[ECO "E20"]
[WhiteElo "2118"]
[BlackElo "2212"]
[WhiteFideId "-1"]
[WhiteFideId "-1"]
[PlyCount "61"]
[GameId "2160767738923092"]
[EventDate "2017.11.03"]
[EventType "swiss"]
[EventRounds "5"]
[EventCountry "CAN"]
[TimeControl "600+2"]

1. d4 Nf6 2. c4 e6 3. Nc3 Bb4 4. f3 O-O 5. Nh3 d5 6. g3 Bxc3+ 7. bxc3 c5 8. e3 b6 9. cxd5 exd5 10. Nf2 Re8 11. Bb5 Re6 12. O-O Ba6 13. a4 cxd4 14. cxd4 Bxb5 15. axb5 a5 16. bxa6 Rxa6 17. Rxa6 Nxa6 18. Nd3 Nb8 19. Bd2 Nc6 20. Qa4 Na5 21. Ne5 Ne8 22. Ra1 f6 23. Nd3 Nc4 24. Nf4 Re7 25. Bb4 Rxe3 26. Qc6 Na5 27. Bxa5 bxa5 28. Nxd5 Re2 29. Qc4 Kf8 30. Qxe2 Qxd5 31. Qe4 1-0

[Event "Levis op"]
[Site "Levis CAN"]
[Date "2017.11.04"]
[Round "2"]
[White "Zheng, Richard"]
[Black "Mercure, Gilbert"]
[Result "1-0"]
[ECO "D07"]
[WhiteElo "2153"]
[BlackElo "1858"]
[WhiteFideId "-1"]
[WhiteFideId "-1"]
[PlyCount "95"]
[GameId "2160767738923093"]
[EventDate "2017.11.03"]
[EventType "swiss"]
[EventRounds "5"]
[EventCountry "CAN"]
[TimeControl "600+2"]

1. d4 d5 2. c4 Nc6 3. Nc3 dxc4 4. e3 Bf5 5. Bxc4 e6 6. Nge2 Bb4 7. O-O Nf6 8. f3 O-O 9. e4 Bxc3 10. bxc3 Na5 11. Bb5 c6 12. Bd3 Bg6 13. Bg5 Qc7 14. Bxf6 gxf6 15. h4 Kh8 16. Kf2 f5 17. exf5 exf5 18. Qd2 Kg7 19. Nf4 h6 20. g3 c5 21. Rac1 Rae8 22. Qc2 cxd4 23. cxd4 Qxc2+ 24. Rxc2 Rc8 25. Rfc1 Rxc2+ 26. Rxc2 Nc6 27. d5 Nb4 28. Rc7 Nxd3+ 29. Nxd3 Kf6 30. Rxb7 Ra8 31. Nf4 h5 32. Rd7 a5 33. Ke3 Ke5 34. Nd3+ Kf6 35. Kd4 Ra6 36. f4 a4 37. Rc7 Ra8 38. Nc5 Rd8 39. Nxa4 Ra8 40. Nc3 Ra3 41. Rb7 Kg7 42. d6 Kf6 43. d7 Ra8 44. Nd5+ Kg7 45. Rc7 Rd8 46. Ke5 f6+ 47. Ke6 Be8 48. Ke7 1-0

[Event "Levis op"]
[Site "Levis CAN"]
[Date "2017.11.04"]
[Round "3"]
[White "Lessard, Claude"]
[Black "Hirschberg, Valerian"]
[Result "1/2-1/2"]
[ECO "D26"]
[WhiteElo "2118"]
[BlackElo "2321"]
[WhiteFideId "-1"]
[WhiteFideId "-1"]
[PlyCount "91"]
[GameId "2160767738923094"]
[EventDate "2017.11.03"]
[EventType "swiss"]
[EventRounds "5"]
[EventCountry "CAN"]
[TimeControl "600+2"]

1. d4 d5 2. c4 dxc4 3. Nf3 Nf6 4. e3 a6 5. Bxc4 e6 6. O-O b5 7. Be2 Bb7 8. Nbd2 Nbd7 9. a4 b4 10. Nc4 c5 11. b3 Be7 12. Bb2 O-O 13. Rc1 Ne4 14. Nfe5 Nxe5 15. dxe5 Bd5 16. f3 Bxc4 17. Rxc4 Nd2 18. Qc2 Nxf1 19. Kxf1 Qd7 20. Bc1 a5 21. e4 Qc7 22. f4 Rac8 23. Be3 Rfd8 24. Kg1 Rd7 25. Kf1 Qd8 26. Kg1 Kh8 27. Kf1 Qc7 28. Kg1 Rdd8 29. Kf1 Rf8 30. Kg1 g5 31. fxg5 Qxe5 32. Bd4 cxd4 33. Rxc8 Rxc8 34. Qxc8+ Kg7 35. Qc2 Bxg5 36. g3 Be3+ 37. Kg2 Qf6 38. Bd3 Qg5 39. Qe2 Bd2 40. Kh3 Qh6+ 41. Kg2 Qe3 42. Qxe3 dxe3 43. Kf3 h6 44. e5 Kf8 45. Ke4 Ke7 46. Be2 1/2-1/2

[Event "Levis op"]
[Site "Levis CAN"]
[Date "2017.11.04"]
[Round "3"]
[White "Liard, Serge"]
[Black "Richard, Zheng"]
[Result "0-1"]
[ECO "C92"]
[WhiteElo "1953"]
[BlackElo "2153"]
[WhiteFideId "-1"]
[WhiteFideId "-1"]
[PlyCount "88"]
[GameId "2160767738923095"]
[EventDate "2017.11.03"]
[EventType "swiss"]
[EventRounds "5"]
[EventCountry "CAN"]
[TimeControl "600+2"]

1. e4 e5 2. Nf3 Nc6 3. Bb5 a6 4. Ba4 b5 5. Bb3 d6 6. h3 Be7 7. c3 Nf6 8. O-O O-O 9. Re1 Bb7 10. d3 Nd7 11. d4 Bf6 12. d5 Ne7 13. Be3 h6 14. Nbd2 Kh7 15. Nf1 g6 16. g4 Bg7 17. g5 h5 18. Ng3 Nb6 19. Nxh5 gxh5 20. Nh4 Rh8 21. Qxh5+ Kg8 22. Qg4 Bc8 23. Nf5 Qd7 24. Bxb6 cxb6 25. Bc2 Ng6 26. Re3 Kf8 27. Rg3 Rh7 28. Qf3 Ke8 29. a4 Bf8 30. axb5 a5 31. Qe3 Nf4 32. b4 a4 33. Bxa4 Qc7 34. c4 Qxc4 35. Qxb6 Ne2+ 36. Kh2 Nxg3 37. Qc6+ Qxc6 38. bxc6 Nxf5 39. b5 Rb8 40. c7 Rb6 41. exf5 Rh4 42. Bb3 Kd7 43. Ra7 Rb7 44. Ra6 Kxc7 0-1

[Event "Levis op"]
[Site "Levis CAN"]
[Date "2017.11.05"]
[Round "4"]
[White "Zheng, Richard"]
[Black "Lessard, Claude"]
[Result "0-1"]
[ECO "A57"]
[WhiteElo "2153"]
[BlackElo "2118"]
[WhiteFideId "-1"]
[WhiteFideId "-1"]
[PlyCount "148"]
[GameId "2160767738923096"]
[EventDate "2017.11.03"]
[EventType "swiss"]
[EventRounds "5"]
[EventCountry "CAN"]
[TimeControl "600+2"]

1. d4 Nf6 2. c4 c5 3. d5 b5 4. cxb5 e6 5. Nc3 exd5 6. Nxd5 Bb7 7. Bg5 Be7 8. Bxf6 Bxf6 9. Nxf6+ Qxf6 10. Qd2 a6 11. Qe3+ Qe7 12. bxa6 Nxa6 13. Rc1 Qxe3 14. fxe3 d6 15. a3 Rb8 16. Rc2 Be4 17. Rd2 Ke7 18. Nf3 Rb3 19. Kf2 Rhb8 20. g3 Rxb2 21. Bg2 Rxd2 22. Nxd2 Bxg2 23. Kxg2 Rb2 24. Rd1 d5 25. Kf3 c4 26. Nb1 Rb3 27. Rc1 Kd6 28. Nc3 Kc6 29. Nb1 Nc5 30. Nd2 Rxa3 31. Nxc4 dxc4 32. Rxc4 Ra4 33. Rc2 Kd6 34. Rb2 Ne6 35. Rb3 Ng5+ 36. Kg2 Ra2 37. h4 Ne6 38. Kf3 Ra5 39. Rd3+ Ke7 40. e4 Ra4 41. e3 Ra1 42. Rd5 Ra2 43. Rb5 Ra3 44. Kf2 Rc3 45. Rd5 g6 46. Kf3 h5 47. Rd2 Nc5 48. Rd4 Nd7 49. Kf2 f6 50. Rd2 Rc1 51. Kf3 Ne5+ 52. Ke2 Rh1 53. Rd4 Ng4 54. Rd3 Rh2+ 55. Kf1 Rf2+ 56. Kg1 Re2 57. Rd4 Rxe3 58. Kg2 Re2+ 59. Kf1 Rf2+ 60. Kg1 Ra2 61. Rb4 Ke6 62. Rb8 Re2 63. Re8+ Kf7 64. Ra8 Rxe4 65. Ra6 Re2 66. Kf1 Rb2 67. Kg1 Ne3 68. Ra3 Nf5 69. Kf1 Rb4 70. Kg2 Rg4 71. Kf2 Rxg3 72. Rxg3 Nxg3 73. Kxg3 Ke6 74. Kf4 Kd5 0-1